 Dungeon Crawl Stone Soup version 0.27-a0-901-g8736458 (webtiles) character file.

Game seed: 9741543133141378522

110 Nithhogg the Skirmisher (level 4, 0/37 HPs)
             Began as a Demonspawn Fighter on Apr 5, 2021.
             Slain by a goblin
             ... wielding a +0 club
             ... led by Robin
              (6 damage)
             ... on level 3 of the Dungeon.
             The game lasted 00:02:52 (2186 turns).

Nithhogg the Skirmisher (Demonspawn Fighter)        Turns: 2186, Time: 00:02:52

Health: 0/37       AC:  6    Str: 18    XL:     4   Next: 61%
Magic:  4/4        EV: 10    Int:  9    God:
Gold:   86         SH:  0    Dex: 12    Spells: 3/3 levels left

rFire    . . .     SeeInvis +   o - +3 short sword
rCold    + . .     Faith    .   (no shield)
rNeg     . . .     Spirit   .   b - +0 scale mail
rPois    .         Reflect  .   h - +0 hat
rElec    .         Harm     +   p - scarf {harm}
rCorr    .         Rampage  .   (no gloves)
Will     .....                  (no boots)
Stlth    ..........             (no amulet)
HPRegen  0.12/turn              g - ring of see invisible
MPRegen  0.18/turn              n - ring of protection from cold

@: no status effects
A: magic regeneration
a: no special abilities


You were on level 3 of the Dungeon.
You visited 1 branch of the dungeon, and saw 3 of its levels.

You collected 86 gold pieces.

Inventory:

Hand Weapons
 a - a +0 long sword
 o - a +3 short sword (weapon)
Armour
 b - a +0 scale mail (worn)
 c - a +0 kite shield
 h - a +0 hat (worn)
 p - a scarf of harm (worn)
Jewellery
 g - a ring of see invisible (left hand)
 n - a ring of protection from cold (right hand)
Scrolls
 i - 3 scrolls of identify {unknown}
 j - a scroll of noise {unknown}
 l - a scroll of brand weapon {unknown}
 m - a scroll of fog {unknown}
Potions
 d - 3 potions of might
 e - a potion of resistance {unknown}
 f - 2 potions of curing {unknown}
 k - a potion of flight {unknown}


   Skills:
 + Level 3.7 Fighting
 + Level 2.6 Long Blades
 + Level 3.3 Armour
 + Level 1.8 Dodging
 - Level 2.6 Shields


You had 3 spell levels left.
You didn't know any spells.
Your spell library was empty.

Dungeon Overview and Level Annotations

Branches:
Dungeon (3/15)

Altars:
Yredelemnul


Innate Abilities, Weirdness & Mutations

You regenerate magic rapidly.


Message History

You barely miss Robin.
Robin is lightly wounded.
The goblin hits you but does no damage. The goblin closely misses you.
Robin hits you with a +0 mace!
You puncture Robin!
Robin is severely wounded.
The goblin hits you but does no damage. The goblin hits you with a +0 club.
You barely miss Robin.
Robin is severely wounded.
The goblin no longer looks unusually strong.
A hobgoblin comes into view.
The goblin closely misses you. The goblin hits you with a +0 club.
Robin roars a battlecry!
The goblins go into a battle-frenzy!
You are too injured to fight recklessly!
You are too injured to fight recklessly!
You hit Robin.
You kill Robin!
The goblin barely misses you. The goblin closely misses you.
You barely miss the goblin.
The goblin no longer looks unusually strong.
The goblin completely misses you. The goblin barely misses you.
The goblin hits you with a +0 club.
You hit the goblin.
The goblin is severely wounded.
The goblin no longer looks unusually strong.
The goblin hits you with a +0 club.
* * * LOW HITPOINT WARNING * * *
The goblin hits you but does no damage. The goblin barely misses you.
You barely miss the goblin.
The goblin is severely wounded.
The goblin barely misses you. The goblin hits you but does no damage.
The goblin hits you with a +0 dagger of flaming.
* * * LOW HITPOINT WARNING * * *
The goblin burns you.
* * * LOW HITPOINT WARNING * * *
You closely miss the goblin.
The goblin is severely wounded.
The goblin hits you but does no damage. x2; The goblin hits you with a +0 club.
You die...

#.# #.# #.### .....
#...# #.#.# #.######
#.#.# #..gggg# #†#.##
#@# #....##
#g####..<..###
#.####.............#
#.........).....##...
############...## #
##.## #... #####


You could see a hobgoblin (strong) and 4 goblins.

Vanquished Creatures
  Robin (D:3)
  3 gnolls (D:2)
  2 adders (D:2)
  2 dart slugs (D:1)
  4 endoplasms (D:1)
  2 giant cockroaches (D:1)
  5 goblins
  8 hobgoblins
  2 jackals (D:2)
  A quokka (D:2)
  5 ball pythons
  5 bats
  2 frilled lizards
  2 kobolds (D:2)
  5 rats
49 creatures vanquished.

Notes
Turn   | Place    | Note
-------+----------+-------------------------------------------
     0 | D:1      | Nithhogg the Demonspawn Fighter began the quest for the
                  | Orb.
     0 | D:1      | Reached XP level 1. HP: 18/18 MP: 1/1
   207 | D:1      | Gained mutation: You regenerate magic rapidly. [demonic
                  | ancestry]
   207 | D:1      | Reached XP level 2. HP: 24/24 MP: 2/2
   518 | D:1      | Found a faded altar of an unknown god.
   605 | D:1      | Reached skill level 1 in Dodging
   927 | D:2      | Reached XP level 3. HP: 15/29 MP: 3/3
  1295 | D:2      | Reached XP level 4. HP: 35/35 MP: 4/4
  1326 | D:2      | Found a basalt altar of Yredelemnul.
  2164 | D:3      | Noticed Robin
  2182 | D:3      | Killed Robin
  2186 | D:3      | Slain by a goblin

Illustrated notes

Levels and vault maps discovered:
D:1:      dpeg_arrival_rooms_b, layout_loops_ring, basic_ecumenical_altar
D:2:      layout_loops_corners, basic_altar
D:3:      kennysheep_big_flooded_room, layout_loops_ring, uniq_sigmund,
          uniq_robin, uniq_ijyb

Skill      XL: |  1  2 |
---------------+-------+-----
Long Blades    | 2 |  2.6
Dodging        | 1 |  1.8
Armour         | 3 |  3.3
Fighting       | |  3.7
Shields        | |  2.6

Action                   |  1- 3 |  4- 6 || total
-------------------------+-------+-------++-------
Melee: Long sword        |    73 |     1 ||    74
       Short sword       |       |    52 ||    52
Armor: Scale mail        |    27 |    26 ||    53
Dodge: Dodged            |    46 |    33 ||    79
       Rpst.: Long sword |    14 |       ||    14

Table legend: (Time is in decaauts)
 A = Elapsed time spent in this place.
 B = Non-inter-level travel time spent in this place.
 C = Inter-level travel time spent in this place.
 D = Time resting spent in this place.
 E = Time spent auto-exploring this place.
 F = Levels seen in this place.
 G = Mean time per level.
                   A        B        C        D        E       F      G
               +--------+--------+--------+--------+--------+-----+--------+
         Total |   2206 |   2155 |     51 |      0 |   1848 |   3 |  735.3 |
       Dungeon |   2206 |   2155 |     51 |      0 |   1848 |   3 |  735.3 |
               +--------+--------+--------+--------+--------+-----+--------+

Top non-repeatable levels by time:
     D:2: 1266 daAuts
     D:1: 893 daAuts
     D:3: 47 daAuts
